 Dungeon Crawl Stone Soup version 0.23.1 (webtiles) character file.

Game seed: 7306889405146137908

205 Borgoz the Sneak (level 5, -1/38 HPs)
             Began as a Ghoul Enchanter on Mar 14, 2019.
             Slain by an orc priest
             ... wielding a +0 flail
              (2 damage)
             ... on level 4 of the Dungeon.
             The game lasted 00:07:13 (3914 turns).

Borgoz the Sneak (Ghoul Enchanter)                  Turns: 3914, Time: 00:07:13

Health: -1/38      AC:  3    Str: 12    XL:     5   Next: 83%
Magic:  4/8        EV: 12    Int: 10    God:
Gold:   102        SH:  0    Dex: 10    Spells: 3/9 levels left

rFire    . . .     SeeInvis .   a - +2 short sword (freeze)
rCold    + . .     Gourm    .   (no shield)
rNeg     + + +     Faith    .   i - +1 robe
rPois    ∞         Spirit   .   (no helmet)
rElec    .         Reflect  .   (no cloak)
rCorr    .         Harm     .   g - -1 pair of gloves (curse)
MR       .....                  (no boots)
Stlth    ++........             (no amulet)
HPRegen  0.00/turn              (no ring)
MPRegen  0.11/turn              (no ring)

@: rotting
A: rotting body, claws 1, carnivore, cold resistance 1, negative energy
resistance 3, inhibited regeneration, torment resistance, unbreathing
a: no special abilities


You were on level 4 of the Dungeon.
You were not hungry.

You visited 1 branch of the dungeon, and saw 5 of its levels.

You collected 102 gold pieces.

Inventory:

Hand Weapons
 a - a +2 short sword of freezing (weapon)
 b - a +0 blowgun
 j - a +1 dagger
Missiles
 k - 14 poisoned needles
Armour
 g - a cursed -1 pair of gloves (worn)
 h - a +0 leather armour
 i - a +1 robe (worn)
 n - a cursed +0 pair of gloves
Scrolls
 c - a scroll of fog
Potions
 e - a potion of curing
Comestibles
 d - 8 rations


   Skills:
 + Level 2.2 Short Blades
 + Level 2.0 Armour
 + Level 2.7 Dodging
 + Level 4.4 Stealth
 + Level 2.6 Spellcasting
 - Level 2.4 Hexes


You had 3 spell levels left.
You knew the following spells:

 Your Spells              Type           Power        Failure   Level  Hunger
a - Corona                Hex            #......      11%         1    ##.....
b - Ensorcelled Hibernat  Hex/Ice        #.....       26%         2    ###....
c - Confuse               Hex            #.......     32%         3    ####...

Your spell library contained the following spells:

 Spells                   Type           Power        Failure   Level  Hunger
 Tukima's Dance           Hex            #.......     32%         3    ####...
 Dazzling Spray           Conj/Hex       #.....       47%         3    ####...


Dungeon Overview and Level Annotations

Branches:
Dungeon (5/15)
 Temple: D:4-7

Altars:
Gozag
Kikubaaqudgha
Qazlal
Wu Jian


Innate Abilities, Weirdness & Mutations

Your body is rotting away.
You thrive on raw meat.
You are immune to poison.
You have sharp fingernails.
You are carnivorous and can eat meat at any time.
Your flesh is cold resistant. (rC+)
You are immune to negative energy. (rN+++)
You do not regenerate when monsters are visible.
You are immune to unholy pain and torment.
You can survive without breathing.


Message History

The orc priest miscasts a cantrip.
The orc misses you.
You barely miss the orc priest. The orc priest closely misses you.
The hound pauses to sniff the ground.
You hit the orc priest but do no damage.
The orc hits you with a +0 morningstar!
* * * LOW HITPOINT WARNING * * *
The orc priest hits you with a +0 flail.
* * * LOW HITPOINT WARNING * * *
Casting: Ensorcelled Hibernation (safe; 26% risk of failure)
Confirm with . or Enter, or press ? or * to list all spells.
Aiming: Ensorcelled Hibernation (safe; 26% risk of failure)
Press: ? - help, Shift-Dir - straight line, f - orc
Aim: an orc, wielding a +0 morningstar (chance to defeat MR: 52%)
The orc looks drowsy...
The orc priest misses you.
The helpless orc fails to defend itself.
You puncture the orc! You freeze the orc.
You kill the orc!
The orc priest hits you with a +0 flail.
You die...

# # .# #.
.## .# .#
.. #. #.#
.## .
...#.....
..#
......#.#
..# #....#
..#####
#.##.......
#)@).#
#o#### ##
..h# #?
...... #)
.....### #
##... #
##.. #.


You could see a hound and an orc priest.

Vanquished Creatures
  A scorpion (D:5)
  A crimson imp (D:5)
  Jessica (D:2)
  5 adders
  An ooze (D:1)
  2 leopard geckos
  4 orcs
  2 giant cockroaches (D:1)
  7 goblins
  4 hobgoblins (D:1)
  9 kobolds
  7 bats
  A frilled lizard (D:1)
  3 rats
48 creatures vanquished.

Vanquished Creatures (others)
  A giant cockroach (D:2)
1 creature vanquished.

Grand Total: 49 creatures vanquished

Notes
Turn   | Place    | Note
-------+----------+-------------------------------------------
     0 | D:1      | Borgoz the Ghoul Enchanter began the quest for the Orb.
     0 | D:1      | Reached XP level 1. HP: 14/14 MP: 2/2
    95 | D:1      | Reached skill level 1 in Short Blades
   528 | D:1      | Reached XP level 2. HP: 2/20 MP: 3/3
  2062 | D:1      | Reached XP level 3. HP: 19/26 MP: 5/5
  2289 | D:1      | HP: 1/26 [leopard gecko (5)]
  2416 | D:2      | Reached skill level 1 in Armour
  2420 | D:2      | Learned a level 2 spell: Ensorcelled Hibernation
  2424 | D:2      | Learned a level 3 spell: Confuse
  2824 | D:2      | Noticed Jessica
  2829 | D:2      | Killed Jessica
  2829 | D:2      | Reached XP level 4. HP: 33/33 MP: 3/6
  3207 | D:2      | Found a stormy altar of Qazlal.
  3401 | D:3      | Found an opulent altar of Gozag.
  3442 | D:3      | Found an ornate altar of the Wu Jian Council.
  3461 | D:3      | Reached skill level 4 in Stealth
  3488 | D:3      | Found an ancient bone altar of Kikubaaqudgha.
  3605 | D:3      | Noticed an ogre
  3779 | D:4      | Noticed an ogre
  3782 | D:4      | Noticed an ogre
  3791 | D:5      | Entered Level 5 of the Dungeon
  3794 | D:5      | Reached XP level 5. HP: 24/38 MP: 7/7
  3912 | D:4      | HP: 1/38 [orc priest/+0 flail (4)]
  3914 | D:4      | Slain by an orc priest

Skill      XL: |  1  2  3  4  5 |
---------------+----------------+-----
Short Blades   | 1 2 |  2.2
Dodging        | 2 |  2.7
Spellcasting   | 2 |  2.6
Armour         | 1 2 |  2.0
Stealth        | 4 |  4.4
Hexes          | |  2.4

Action                   |  1- 3 |  4- 6 || total
-------------------------+-------+-------++-------
Melee: Dagger            |   172 |    97 ||   269
       Short sword       |       |    30 ||    30
 Cast: Corona            |     4 |       ||     4
       Ensorcelled Hiber |     1 |     2 ||     3
  Use: Scroll            |     5 |     3 ||     8
       Potion            |     2 |     4 ||     6
 Stab: Sleeping          |     4 |     5 ||     9
  Eat: Chunk             |    11 |    10 ||    21
Armor: Robe              |    39 |    37 ||    76
Dodge: Dodged            |   102 |   103 ||   205
